 Dungeon Crawl Stone Soup version 0.21-a0-88-g13b9641 (webtiles) character file.

3903 Duffy the Blocker (level 10, -28/70 HPs)
             Began as a Formicid Fighter on June 27, 2017.
             Was an Initiate of Ru.
             Killed from afar by a wizard (37 damage)
             ... with a crystal spear
             ... on level 7 of the Dungeon.
             The game lasted 00:12:02 (8815 turns).

Duffy the Blocker (Formicid Fighter)                Turns: 8815, Time: 00:12:03

Health: -28/70     AC: 11    Str: 24    XL:     10   Next: 43%
Magic:  10/10      EV:  8    Int:  8    God:    Ru [......]
Gold:   288        SH: 17    Dex: 10    Spells: 9/9 levels left

rFire    . . .     SeeInvis +   a - +0 quarterstaff
rCold    . . .     Gourm    .   c - +0 shield
rNeg     + . .     Faith    .   t - +0 chain mail
rPois    .         Spirit   .   (helmet unavailable)
rElec    .         Reflect  +   (no cloak)
rCorr    .         Harm     .   b - +0 pair of gloves
MR       +....                  (no boots)
Stlth    ..........             j - +5 amulet of reflection
HPRegen  0.21/turn              g - ring of positive energy
MPRegen  0.12/turn              (no ring)

@: no status effects
A: permanent stasis, dig shafts and tunnels, four strong arms, antennae 3
a: Dig, Shaft Self, Renounce Religion


You were on level 7 of the Dungeon.
You worshipped Ru.
Ru was noncommittal.
You were near starving.

You visited 2 branches of the dungeon, and saw 8 of its levels.
You also visited: Ossuary.

You collected 288 gold pieces.

Inventory:

Hand Weapons
 a - a +0 quarterstaff (weapon)
 w - a +0 blowgun
Armour
 b - a +0 pair of gloves (worn)
 c - a +0 shield (worn)
 t - a +0 chain mail (worn)
Jewellery
 g - a ring of positive energy (left hand)
 j - a +5 amulet of reflection (around neck)
Wands
 r - a wand of clouds (6/9)
 y - a wand of acid (4/15)
 I - a wand of polymorph (13/24)
Scrolls
 h - 6 scrolls of teleportation {unknown}
 i - 2 scrolls of identify
 m - 2 scrolls of enchant armour {unknown}
 n - 2 scrolls of enchant weapon {unknown}
 p - 2 scrolls of amnesia {unknown}
 q - 4 scrolls of remove curse {unknown}
 s - a scroll of immolation {unknown}
 v - 2 scrolls of magic mapping {unknown}
 x - a scroll of blinking {unknown}
 C - a scroll of noise {unknown}
 E - a scroll of holy word {unknown}
Potions
 d - 3 potions of might
 e - 3 potions of heal wounds
 l - 4 potions of curing
 u - 3 potions of lignification
 z - 3 potions of flight
 A - a potion of mutation
 B - a potion of agility
 F - 2 potions of ambrosia
Miscellaneous
 D - a phial of floods
Comestibles
 f - 4 bread rations
 k - a royal jelly
 o - 2 meat rations
 H - 3 fruits


   Skills:
 - Level 3.2 Fighting
 + Level 10.4 Staves
 + Level 6.3 Armour
 - Level 11.0 Shields


You had 9 spell levels left.
You didn't know any spells.

Dungeon Overview and Level Annotations

Branches:
Dungeon (7/15)             Temple (1/1) D:6

Altars:
Ashenzari
Cheibriados
Dithmenos
Elyvilon
Gozag
Hepliaklqana
Kikubaaqudgha
Makhleb
Nemelex Xobeh
Okawaru
Qazlal
Ru
Sif Muna
Trog
Uskayaw
Vehumet
Wu Jian
Yredelemnul
Zin
The Shining One
Lugonu


Innate Abilities, Weirdness & Mutations

You cannot be hasted, slowed, berserked, paralysed or teleported.
You can dig through walls and to a lower floor.
Your four strong arms can wield two-handed weapons with a shield.
You have a pair of large antennae on your head. (SInv)


Message History

You are too injured to fight recklessly!
You are too injured to fight recklessly!
You are too injured to fight recklessly!
You are too injured to fight recklessly!
You are too injured to fight recklessly!
You are too injured to fight recklessly!
You are too injured to fight recklessly!
You are too injured to fight recklessly!
You are too injured to fight recklessly!
You closely miss the wizard.
The wizard is heavily wounded.
Something barely misses the wizard.
The wizard casts a spell at you. The bolt of cold hits you!
You sock the wizard!
The wizard is severely wounded.
The wizard gestures at you while chanting.
The crystal spear hits you!
Ouch! That really hurt!
You die...

...## ##..# ##..## #
....# #.## ##..##
##..# #.# #..## ##..#
##.# ##.## #..##
########..# ##.##
#..# #.........#
###.#### #.##
##...#########......#
#..# #..###
##p#.{####.# ##.##
#..# #@#{.## #
#..###..# ###{.#
##..##..### #.!##
###.# # #...###..###
#.:##...... ###...#
###..####..{..~~~~~
.....##
##...###...~~##p#
##...# #..## ##..~##
###..# ##.## #..~#{{
##...## ##.## #....


You could see a wizard.

Vanquished Creatures
  Pikel (D:7)
  A wizard (D:7)
  Duvessa (D:7)
  Menkaure (D:7)
  3 sky beasts
  An orc warrior (D:6)
  A phantom (D:3)
  An ice beast (D:6)
  4 ogres
  2 big kobolds (D:7)
  4 bullfrogs
  Dowan (D:7)
  A scorpion (D:6)
  2 crimson imps
  A centaur zombie (D:7)
  4 jellies
  A quasit (D:7)
  4 hounds
  3 orc priests
  5 orc wizards
  A bullfrog skeleton (D:6)
  A statue (D:5)
  6 worker ants
  A killer bee zombie (D:5)
  3 big kobold zombies (Ossuary)
  4 mummies
  4 gnolls (D:3)
  13 adders
  A shadow imp (D:5)
  5 adder zombies (Ossuary)
  2 worms (D:2)
  2 dart slugs
  2 leopard geckos
  24 orcs
  4 bats
  3 giant cockroaches
  3 gnoll zombies (Ossuary)
  4 goblins
  9 hobgoblins
  5 quokkas
  A ball python skeleton (D:4)
  5 frilled lizards
  A goblin zombie (D:6)
  2 hobgoblin zombies (Ossuary)
  19 kobolds
  6 kobold zombies (Ossuary)
  6 orc zombies
  2 quokka skeletons
  7 rats
188 creatures vanquished.

Vanquished Creatures (others)
  2 centaurs (D:7)
  An orc (D:5)
  A kobold (D:7)
4 creatures vanquished.

Grand Total: 192 creatures vanquished

Notes
Turn   | Place    | Note
-------+----------+-------------------------------------------
     0 | D:1      | Duffy the Formicid Fighter began the quest for the Orb.
     0 | D:1      | Reached XP level 1. HP: 18/18 MP: 1/1
   103 | D:1      | Reached XP level 2. HP: 24/24 MP: 2/2
   307 | D:1      | Reached skill level 4 in Shields
   603 | D:1      | You fall through a shaft!
   767 | D:1      | Reached XP level 3. HP: 29/29 MP: 3/3
  1459 | D:2      | Reached XP level 4. HP: 25/35 MP: 4/4
  2306 | D:3      | Reached skill level 5 in Shields
  2306 | D:3      | Reached XP level 5. HP: 36/41 MP: 5/5
  3114 | D:4      | Reached XP level 6. HP: 47/47 MP: 6/6
  3227 | D:4      | Reached skill level 6 in Shields
  3405 | D:4      | Found a white marble altar of Elyvilon.
  3406 | D:4      | Noticed a phantom
  3464 | D:3      | Killed a phantom
  3464 | D:3      | Reached skill level 5 in Staves
  3464 | D:3      | Reached XP level 7. HP: 52/52 MP: 7/7
  3692 | D:4      | Reached skill level 7 in Shields
  3881 | D:4      | Found a stormy altar of Qazlal.
  4263 | D:5      | Entered Level 5 of the Dungeon
  4488 | D:5      | Found an opulent altar of Gozag.
  4677 | D:5      | Reached XP level 8. HP: 32/58 MP: 8/8
  4904 | D:5      | Found a radiant altar of Vehumet.
  4917 | D:5      | Reached skill level 8 in Shields
  5722 | D:6      | Found a hazy altar of Hepliaklqana.
  5764 | D:6      | Found an ornate altar of the Wu Jian Council.
  5915 | D:6      | Found a sand-covered staircase.
  5923 | Ossuary  | Entered an ossuary
  6001 | Ossuary  | Reached skill level 9 in Shields
  6558 | D:6      | Found an ancient bone altar of Kikubaaqudgha.
  6588 | D:6      | Reached XP level 9. HP: 52/64 MP: 9/9
  6713 | D:6      | Found a staircase to the Ecumenical Temple.
  6722 | Temple   | Entered the Ecumenical Temple
  6761 | Temple   | Became a worshipper of Ru the Awakened
  6795 | D:6      | Found a snail-covered altar of Cheibriados.
  7166 | D:6      | Reached skill level 10 in Shields
  7574 | D:7      | Found a hide-covered altar of Uskayaw.
  7582 | D:7      | Found a shadowy altar of Dithmenos.
  7692 | D:7      | Found an iron altar of Okawaru.
  7719 | D:7      | Noticed Dowan
  7720 | D:7      | Noticed Duvessa
  7736 | D:7      | Killed Dowan
  7747 | D:7      | Killed Duvessa
  7839 | D:7      | Reached skill level 11 in Shields
  8084 | D:7      | Noticed Menkaure
  8089 | D:7      | Killed Menkaure
  8317 | D:7      | Reached XP level 10. HP: 60/70 MP: 10/10
  8378 | D:7      | Found a burning altar of Makhleb.
  8734 | D:7      | Noticed a wizard
  8736 | D:7      | Noticed an orc sorcerer
  8751 | D:7      | Killed a wizard
  8751 | D:7      | Reached skill level 10 in Staves
  8751 | D:7      | Reached skill level 5 in Armour
  8781 | D:7      | Noticed Pikel
  8782 | D:7      | Noticed a wizard
  8809 | D:7      | Killed Pikel
  8815 | D:7      | Killed from afar by a wizard

Vault maps used:
D:1:      saegor_arrival_simple_b, nrook_mini_backslash
D:2:      first_bread
D:4:      kennysheep_little_box, lemuel_round_altar
D:5:      nicolae_overflow_hidden_temple, vehumet_statue,
          nicolae_underground_beach
D:6:      lemuel_coloured_pillars_altar, slow_altar_1, lemuel_doored_altar,
          nicolae_overflow_crystal_walls, minmay_temple_entry_junction,
          nicolae_ossuary_entry_giza, minmay_checkerbox
D:7:      cheibrodos_wizards_tower, eat_drink_and_be_merry_uskayaw,
          okawaru_metal_pillars_1_2, kennysheep_mini, makhleb_heckhound_becter,
          uniq_menkaure, uniq_duvessa, uniq_pikel
Temple:   corrupted_temple
Ossuary:  ossuary_tomb_2

Skill      XL: |  1  2  3  4  5  6  7  8  9 10 |
---------------+-------------------------------+-----
Shields        | 4 5 6 7 9 11 | 11.0
Staves         | 3 4 5 6 7 9 10 | 10.4
Armour         | 4 6 |  6.3
Fighting       | |  3.2

Action                   |  1- 3 |  4- 6 |  7- 9 | 10-12 || total
-------------------------+-------+-------+-------+-------++-------
Melee: Quarterstaff      |    80 |   198 |   519 |    74 ||   871
Invok: Reject Sacrifices |       |       |     1 |       ||     1
 Abil: Dig               |       |     5 |     5 |     1 ||    11
  Use: Scroll            |       |     4 |     5 |     2 ||    11
       Potion            |       |       |       |     1 ||     1
  Eat: Chunk             |     2 |     7 |    13 |       ||    22
       Royal jelly       |       |       |     2 |       ||     2
Armor: Scale mail        |    22 |     1 |       |       ||    23
       Chain mail        |       |    46 |   103 |    16 ||   165
       Skin              |       |       |       |     2 ||     2
Dodge: Dodged            |    10 |    20 |    75 |    13 ||   118
Block: Shield            |    43 |   140 |   357 |    46 ||   586
       Reflection        |       |     3 |    14 |     1 ||    18
